 Dungeon Crawl Stone Soup version 0.24-a0-640-ge7cd8ce796 (webtiles) character file.

Game seed: 1149586600189512588, levelgen mode: deterministic

55 Gargoyl the Skirmisher (level 3, 0/31 HPs)
             Began as a Centaur Abyssal Knight on Sept 24, 2019.
             Was a Follower of Lugonu.
             Slain by a kobold
             ... wielding a +0 short sword of flaming
              (2 damage)
             ... on level 2 of the Dungeon.
             The game lasted 00:02:51 (1211 turns).

Gargoyl the Skirmisher (Centaur Abyssal Knight)     Turns: 1211, Time: 00:02:52

Health: 0/31       AC: 10    Str: 14    XL:     3   Next: 67%
Magic:  4/4        EV:  8    Int: 11    God:    Lugonu [*.....]
Gold:   45         SH:  0    Dex:  9    Spells: 2/2 levels left

rFire    + . .     SeeInvis .   a - +1 hand axe
rCold    . . .     Gourm    .   (no shield)
rNeg     . . .     Faith    .   j - +1 ring mail {rF+}
rPois    .         Spirit   .   e - +2 hat
rElec    .         Reflect  .   (no cloak)
rCorr    .         Harm     .   d - +0 pair of gloves
MR       .....                  (no barding)
Stlth    ..........             (no amulet)
HPRegen  0.10/turn              (no ring)
MPRegen  0.09/turn              (no ring)

@: very quick
A: large, hooves 3, deformed body, speed 2, tough skin 3
a: Depart the Abyss, Renounce Religion


You were on level 2 of the Dungeon.
You worshipped Lugonu.
Lugonu was aware of your devotion.
You were not hungry.

You visited 1 branch of the dungeon, and saw 2 of its levels.
You visited the Abyss 1 time.

You collected 45 gold pieces.

Inventory:

Hand Weapons
 a - a +1 hand axe (weapon)
Armour
 d - a +0 pair of gloves (worn)
 e - a +2 hat (worn)
 i - a +0 plate armour
 j - a +1 ring mail of fire resistance (worn)
Jewellery
 f - an uncursed ring of wizardry {unknown}
Comestibles
 c - 3 rations


   Skills:
 + Level 3.5 Fighting
 + Level 2.1 Axes
 * Level 2.0 Armour
 * Level 1.1 Dodging
 * Level 2.4 Invocations


You had 2 spell levels left.
You didn't know any spells.
Your spell library was empty.

Dungeon Overview and Level Annotations

Branches:
Dungeon (2/15)

Altars:


Innate Abilities, Weirdness & Mutations

You have hooves in place of feet.
Armour fits poorly on your strangely shaped body.
You cover ground very quickly.
You have extremely tough skin. (AC +3)


Message History

The bat hits you but does no damage. The kobold hits you but does no damage.
Unknown command.
You barely miss the kobold. You barely miss the goblin.
The bat barely misses you. The goblin hits you but does no damage.
The kobold hits you with a +0 short sword of flaming.
* * * LOW HITPOINT WARNING * * *
The goblin barely misses you.
Unknown command.
You closely miss the kobold. You hit the goblin.
You kill the goblin!
Lugonu accepts your kill. The bat hits you.
* * * LOW HITPOINT WARNING * * *
The kobold barely misses you. The quokka barely misses you.
Unknown command.
You hit the kobold. Your kick misses the kobold.
The kobold is severely wounded.
You miss the bat. You hit the quokka. The bat closely misses you.
The kobold hits you with a +0 short sword of flaming.
You die...

## . #.
.####.#
......r##
#....K@#
#.#.b)##
#.w# #.#
#. #


You could see a worm, a quokka, a bat and a kobold.

Vanquished Creatures
  Natasha (D:2)
  A gnoll (D:1)
  2 leopard geckos (D:1)
  A giant cockroach (D:1)
  4 goblins
  3 hobgoblins
  3 frilled lizards
  2 kobolds (D:1)
  4 rats (D:1)
21 creatures vanquished.

Vanquished Creatures (others)
  A lurking horror (Abyss:1)
1 creature vanquished.

Grand Total: 22 creatures vanquished

Notes
Turn   | Place    | Note
-------+----------+-------------------------------------------
     0 | Abyss:1  | Gargoyl the Centaur Abyssal Knight began the quest for the
                  | Orb.
     0 | Abyss:1  | Reached XP level 1. HP: 19/19 MP: 2/2
    56 | Abyss:1  | Noticed a bone dragon
    58 | Abyss:1  | Noticed a small abomination
    65 | Abyss:1  | Noticed a spatial maelstrom
    67 | Abyss:1  | Noticed a spatial vortex
    70 | Abyss:1  | Noticed a spatial vortex
    72 | Abyss:1  | Noticed a spatial vortex
    73 | Abyss:1  | Noticed a spatial vortex
    74 | Abyss:1  | Noticed a spatial vortex
    77 | Abyss:1  | Noticed a spatial vortex
    81 | Abyss:1  | Noticed a spatial vortex
    82 | Abyss:1  | Noticed a spatial vortex
    83 | Abyss:1  | Noticed a spatial vortex
    84 | Abyss:1  | Noticed a spatial vortex
    87 | Abyss:1  | Noticed a spatial vortex
    88 | Abyss:1  | Noticed a spatial vortex
    92 | Abyss:1  | Noticed a spatial vortex
    93 | D:1      | Escaped the Abyss
   243 | D:1      | Reached XP level 2. HP: 10/26 MP: 3/3
   841 | D:1      | Reached * piety under Lugonu
   876 | D:1      | Reached skill level 1 in Dodging
  1076 | D:2      | Noticed Natasha
  1140 | D:2      | HP: 1/26 [Natasha (3)]
  1141 | D:2      | Killed Natasha
  1141 | D:2      | Reached XP level 3. HP: 1/31 MP: 4/4
  1211 | D:2      | Slain by a kobold

Levels and vault maps discovered:
D:1:      dpeg_arrival_boxorama, layout_loops_ring
D:2:      layout_loops_ring, first_ration, serial_aquarium,
          aquarium_bridge_square [aquarium_subvault_bridge,
          aquarium_subvault_bridge, aquarium_subvault_wall,
          aquarium_subvault_wall], aquarium_window_2, aquarium_window_1,
          aquarium_window_2, aquarium_view_2c, aquarium_balcony_5b, uniq_natasha

Skill      XL: |  1  2 |
---------------+-------+-----
Axes           | 2 |  2.1
Dodging        | 1 |  1.1
Armour         | 2 |  2.0
Fighting       | |  3.5
Invocations    | |  2.4

Action                   || total
-------------------------++-------
Melee: Hand axe          ||    62
       Kick              ||     6
Invok: Depart the Abyss  ||     1
  Use: Potion            ||     4
       Scroll            ||     1
Armor: Leather armour    ||    12
       Skin              ||    10
       Ring mail         ||    16
Dodge: Dodged            ||    39

Table legend:
 A = Non-vault XP
 B = Vault XP
 C = Vault XP percentage of total XP
 D = Non-vault monster count
 E = Vault monster count
 F = Vault count percentage of total count
                 A         B        C        D         E       F
            +---------+---------+-------+---------+---------+-------
      Total |      44 |      35 |  44.3 |      20 |       1 |   4.8
            +---------+---------+-------+---------+---------+-------
        D:1 |      39 |       0 |   0.0 |      17 |       0 |   0.0
        D:2 |       5 |      35 |  87.5 |       3 |       1 |  25.0
            +---------+---------+-------+---------+---------+-------
